 Dungeon Crawl Stone Soup version 0.31-a0-177-g4aa6249778 (webtiles) character file.

Game seed: 7444050623969916963

167 qw the Chopper (level 5, -1/32 HPs)
             Began as a Gargoyle Fighter on June 18, 2023.
             Slain by a jelly (2 damage)
             ... on level 4 of the Dungeon.
             The game lasted 00:01:15 (2650 turns).

qw the Chopper (Gargoyle Fighter)                   Turns: 2650, Time: 00:01:15

Health: -1/32      AC: 13    Str: 21    XL:     5   Next: 48%
Magic:  5/5        EV:  7    Int:  9    God:
Gold:   115        SH:  4    Dex:  9    Spells: 4/4 levels left

rFire   . . .        Y - +0 war axe
rCold   . . .        c - +0 buckler
rNeg    + . .        e - +0 chain mail
rPois   inf          (no helmet)
rElec   +            (no cloak)
rCorr   .            (no gloves)
SInv    .            (no boots)
Will    .....        (no amulet) Stlth
                     (no ring)
HPRegen 0.25/turn    (no ring)
MPRegen 0.09/turn

%: no passive effects
@: no status effects
A: sickness immunity, AC +4, negative energy resistance 1, electricity
resistance, torment resistance 1, petrification resistance
a: no special abilities


You were on level 4 of the Dungeon.
You visited 1 branch of the dungeon, and saw 4 of its levels.

You collected 175 gold pieces.
You spent 60 gold pieces at shops.


Innate Abilities, Weirdness & Mutations

You are immune to sickness and miasma.
Your stone body is resilient. (AC +4)
You are immune to poison.
You resist negative energy. (rN+)
You are resistant to electric shocks. (rElec)
You are resistant to unholy torment.
You are immune to petrification.


   Skills:
 + Level 3.3 Fighting
 - Level 5.0 Axes
 - Level 0.1 Throwing
 - Level 3.2 Armour
 - Level 3.2 Shields


You had 4 spell levels left.
You didn't know any spells.
Your spell library was empty.

Inventory:

Hand Weapons
 l - a +0 flail
 Y - a +0 war axe (weapon)
Missiles
 f - 2 boomerangs (quivered)
Armour
 c - a +0 buckler (worn)
 e - a +0 chain mail (worn)
Scrolls
 g - a scroll of identify
 k - 2 scrolls of teleportation
Potions
 a - a potion of haste
 b - a potion of enlightenment {unknown}
 d - 2 potions of might
 h - 3 potions of lignification
 j - a potion of attraction
 m - a potion of curing {unknown}
 n - a potion of experience {unknown}
 o - a potion of heal wounds {unknown}
 p - a potion of invisibility {unknown}

Dungeon Overview and Level Annotations

Branches:
Dungeon (4/15)
 Temple: D:4-7

Altars:
Gozag
Yredelemnul

Shops:
D:1 ?


Message History

The magic dart hits something!
2634 ||| STAIRDANCE You hear some strange, mumbled words.
A puff of flame appears from out of thin air!
The puff of flame misses you.
A magic dart appears from out of thin air!
The magic dart hits something!
Reactivating autopickup.
In your confused state, you trip and fall back down the stairs.
The jelly hits you but does no damage. The jelly barely misses you.
Something hits you but does no damage.
Deactivating autopickup; reactivate with Ctrl-A.
The jelly barely misses you. Something hits you.
The jelly hits you but does no damage. Something hits you.
The jelly hits you but does no damage.
You hear some strange, mumbled words.
A puff of flame appears from out of thin air!
The puff of flame hits you. The jelly barely misses you.
Something hits you but does no damage. The jelly closely misses you.
You hear some strange, mumbled words.
You are more confused.
The jelly hits you but does no damage. Something hits you but does no damage.
The jelly hits you but does no damage. Something hits you but does no damage.
The jelly hits you but does no damage.
You hear some strange, mumbled words.
A puff of flame appears from out of thin air!
The puff of flame hits you but does no damage.
The jelly completely misses you.
You hear some strange, mumbled words.
A puff of flame appears from out of thin air!
The puff of flame hits you. The jelly barely misses you.
You hear some strange, mumbled words.
Something tries to affect you, but you resist.
The jelly barely misses you. Something hits you but does no damage.
The jelly barely misses you. Something hits you.
You feel less confused. The jelly hits you.
You die...

.#... ....... .>....... ##
####..........# ##.#
#.@##.........#
#...####.{J...........#.
###.....##.....>..........
#........##.............# .
#.......................#.#.
........................#...
.......<.####.#.............
.......#...#.###..........##
#......#.#.................#


You could see a jelly.

Vanquished Creatures
  Robin (D:4)
  4 gnolls (D:2)
  3 adders (D:3)
  A dart slug (D:1)
  3 orcs
  8 ball pythons
  6 endoplasms
  2 giant cockroaches
  13 goblins
  10 hobgoblins
  4 jackals (D:4)
  7 kobolds
  A quokka (D:1)
  8 bats
  6 rats
77 creatures vanquished.

Vanquished Creatures (others)
  An orc wizard (D:4)
1 creature vanquished.

Grand Total: 78 creatures vanquished

Notes
Turn   | Place    | Note
-------+----------+-------------------------------------------
     0 | D:1      | qw the Gargoyle Fighter began the quest for the Orb.
     0 | D:1      | Reached XP level 1. HP: 14/14 MP: 1/1
     0 | D:1      | 0 ||| qw: Version: 0.3-a-5-g6f28e65
     0 | D:1      | 0 ||| qw: Game counter: 699
     0 | D:1      | 0 ||| qw: Always use a shield: true
     0 | D:1      | 0 ||| qw: God list: Okawaru
     0 | D:1      | 0 ||| qw: Allow faded altars: false
     0 | D:1      | 0 ||| qw: Do Orc after D:15 true
     0 | D:1      | 0 ||| qw: Do second Lair branch before Depths: true
     0 | D:1      | 0 ||| qw: Lair rune preference: random
     0 | D:1      | 0 ||| qw: Plans: Normal, Zot:1-4, Slime:5, God:TSO, Crypt,
                  | Tomb, Abyss, Pan, Hells, Win
     0 | D:1      | 0 ||| PLANNING D:1-11
    28 | D:1      | Reached skill level 2 in Axes
   100 | D:1      | Reached XP level 2. HP: 19/19 MP: 2/2
   425 | D:1      | 425 ||| Stepping ~*~*~tactically~*~*~ (hiding).
   435 | D:1      | Reached skill level 3 in Axes
   468 | D:1      | Reached XP level 3. HP: 23/23 MP: 3/3
   835 | D:1      | Found The Oracle's Delphic Readings.
   839 | D:1      | 839 ||| BUYING scroll of identify (24 gold).
   839 | D:1      | Bought a scroll of identify for 24 gold pieces
   839 | D:1      | 839 ||| BUYING scroll of teleportation (36 gold).
   839 | D:1      | Bought a scroll of teleportation for 36 gold pieces
   839 | D:1      | 839 ||| SHOPLISTING scroll of teleportation (36 gold, have
                  | 10).
   855 | D:1      | 855 ||| READING scroll labelled CUAXILL CAOCS.
   871 | D:1      | 871 ||| READING scroll labelled PIAGOU GADUTHI.
   872 | D:1      | 872 ||| READING 2 scrolls of identify.
   872 | D:1      | 872 ||| IDENTIFYING fizzy cyan potion
   948 | D:2      | 948 ||| Stepping ~*~*~tactically~*~*~ (stealth).
   953 | D:2      | 953 ||| Stepping ~*~*~tactically~*~*~ (stealth).
   954 | D:2      | 954 ||| Stepping ~*~*~tactically~*~*~ (stealth).
   985 | D:2      | 985 ||| DROPPING +0 club.
  1178 | D:2      | 1178 ||| Stepping ~*~*~tactically~*~*~ (stealth).
  1187 | D:2      | Reached XP level 4. HP: 23/28 MP: 4/4
  1207 | D:2      | 1207 ||| DROPPING +0 mace.
  1301 | D:2      | 1301 ||| Stepping ~*~*~tactically~*~*~ (stealth).
  1304 | D:2      | 1304 ||| Stepping ~*~*~tactically~*~*~ (stealth).
  1386 | D:2      | Found a faded altar of an unknown god.
  1394 | D:2      | 1394 ||| Stepping ~*~*~tactically~*~*~ (stealth).
  1563 | D:2      | 1563 ||| UPGRADING to +0 chain mail.
  1573 | D:2      | 1573 ||| DROPPING +0 scale mail.
  1574 | D:2      | 1574 ||| READING scroll labelled IRPHAP DOEC XUFF.
  1575 | D:2      | 1575 ||| READING 2 scrolls labelled FAXUSI GUNALIJ.
  1576 | D:2      | 1576 ||| READING 3 scrolls of identify.
  1576 | D:2      | 1576 ||| IDENTIFYING fuming blue potion
  1577 | D:2      | 1577 ||| READING 2 scrolls of identify.
  1577 | D:2      | 1577 ||| IDENTIFYING metallic grey potion
  1578 | D:2      | 1578 ||| DROPPING scroll of poison.
  1594 | D:2      | 1594 ||| Stepping ~*~*~tactically~*~*~ (stealth).
  1595 | D:2      | 1595 ||| Stepping ~*~*~tactically~*~*~ (stealth).
  1600 | D:2      | 1600 ||| Stepping ~*~*~tactically~*~*~ (hiding).
  1613 | D:2      | Reached skill level 4 in Axes
  1807 | D:3      | 1807 ||| Stepping ~*~*~tactically~*~*~ (hiding).
  2068 | D:3      | Found an opulent altar of Gozag.
  2077 | D:3      | Found a basalt altar of Yredelemnul.
  2185 | D:3      | Reached XP level 5. HP: 32/32 MP: 5/5
  2521 | D:3      | 2521 ||| READING scroll labelled GUEKLU HIWOMAA.
  2599 | D:4      | Noticed Robin
  2619 | D:4      | Killed Robin
  2620 | D:4      | Reached skill level 5 in Axes
  2621 | D:4      | 2621 ||| FLEEEEING.
  2622 | D:4      | 2622 ||| FLEEEEING.
  2623 | D:4      | 2623 ||| FLEEEEING.
  2624 | D:4      | 2624 ||| FLEEEEING.
  2625 | D:4      | 2625 ||| FLEEEEING.
  2626 | D:4      | 2626 ||| FLEEEEING.
  2627 | D:4      | 2627 ||| FLEEEEING.
  2628 | D:4      | 2628 ||| FLEEEEING.
  2629 | D:4      | 2629 ||| FLEEEEING.
  2630 | D:4      | 2630 ||| FLEEEEING.
  2631 | D:4      | 2631 ||| FLEEEEING.
  2632 | D:4      | 2632 ||| STAIRDANCE
  2634 | D:4      | 2634 ||| STAIRDANCE
  2639 | D:4      | HP: 7/32 [something (3)]
  2646 | D:4      | HP: 1/32 [something/puff of flame (6)]
  2650 | D:4      | Slain by a jelly

Levels and vault maps discovered:
D:1:      dpeg_arrival_subterranean_lakeside_camping, layout_basic,
          nicolae_nh_oracle_at_delphi
D:2:      layout_loops_ring, nicolae_ecumenical_snake_handling
D:3:      kennysheep_six_static_rooms, layout_basic, mainiacjoe_overflow_swirl,
          kennysheep_potato
D:4:      layout_cave_pools, zin_angel, uniq_robin

Skill      XL: |  1  2  3  4  5 |
---------------+----------------+-----
Axes           | 2 3 4 5 |  5.0
Fighting       | |  3.3
Throwing       | |  0.1
Armour         | |  3.2
Shields        | |  3.2

Action                     |  1- 3 |  4- 6 || total
---------------------------+-------+-------++-------
  Melee: War axe           |   103 |    75 ||   178
  Throw: Javelin           |       |    11 ||    11
         Boomerang         |       |     7 ||     7
    Use: Scroll            |     3 |     5 ||     8
 Armour: Scale mail        |    55 |    11 ||    66
         Chain mail        |       |    73 ||    73
  Dodge: Dodged            |    48 |    40 ||    88
  Block: Buckler           |    26 |    20 ||    46

Table legend:
 A = Non-vault XP
 B = Vault XP
 C = Vault XP percentage of total XP
 D = Non-vault monster count
 E = Vault monster count
 F = Vault count percentage of total count
                 A         B        C        D         E       F
            +---------+---------+-------+---------+---------+-------
      Total |     162 |      77 |  32.2 |      47 |      30 |  39.0
            +---------+---------+-------+---------+---------+-------
        D:1 |      33 |      11 |  25.0 |      17 |       8 |  32.0
        D:2 |      74 |       3 |   3.9 |      15 |       2 |  11.8
        D:3 |      37 |      23 |  38.3 |       7 |       7 |  50.0
        D:4 |      18 |      40 |  69.0 |       8 |      13 |  61.9
            +---------+---------+-------+---------+---------+-------
